 Dungeon Crawl Stone Soup version 0.30.0 (webtiles) character file.

Game seed: 14444090733138885745

234 GloriousHammer the Ducker (level 6, -3/47 HPs)
             Began as a Merfolk Hexslinger on May 7, 2023.
             Slain by a killer bee (7 damage)
             ... on level 7 of the Dungeon.
             The game lasted 00:09:21 (3775 turns).

GloriousHammer the Ducker (Merfolk Hexslinger)      Turns: 3775, Time: 00:09:21

Health: -3/47      AC:  5    Str: 13    XL:     6   Next: 5%
Magic:  7/7        EV: 12    Int: 12    God:
Gold:   142        SH:  0    Dex: 14    Spells: 3/7 levels left

rFire   + . .        b - +0 spear (heavy)
rCold   . . .        (no shield)
rNeg    + . .        f - +0 ring mail
rPois   .            (no helmet)
rElec   .            o - scarf {+Inv}
rCorr   .            (no gloves)
SInv    .            (no boots)
Will    .....        (no amulet)
Stlth   +            F - ring of protection from fire
HPRegen 0.27/turn    N - ring of positive energy
MPRegen 0.10/turn

%: no passive effects
@: lethally poisoned (-3 -> -11), attractive
A: (nimble swimmer 2), mertail
a: Evoke Invisibility


You were on level 7 of the Dungeon.
You visited 1 branch of the dungeon, and saw 5 of its levels.

You collected 194 gold pieces.
You spent 52 gold pieces at shops.

Inventory:

Hand Weapons
 a - a +1 sling
 b - a +0 heavy spear (weapon)
 j - a +1 dagger of freezing
Missiles
 c - 4 curare-tipped darts (quivered)
 e - 2 boomerangs
Armour
 f - a +0 ring mail (worn)
 o - a scarf of invisibility (worn)
Jewellery
 C - a ring of protection from cold
 F - a ring of protection from fire (left hand)
 N - a ring of positive energy (right hand)
Scrolls
 d - a scroll of teleportation {unknown}
 h - a scroll of poison
 i - a scroll of immolation {unknown}
 k - a scroll of fear {unknown}
 l - 3 scrolls of butterflies
 m - a scroll of magic mapping {unknown}
Potions
 g - a potion of brilliance


   Skills:
 - Level 3.2 Fighting
 * Level 4.0 Polearms
 - Level 1.5 Ranged Weapons
 - Level 0.7 Throwing
 + Level 0.6 Armour
 - Level 4.6 Dodging
 + Level 1.4 Stealth
 - Level 1.0 Spellcasting
 - Level 3.0 Hexes
 + Level 0.5 Ice Magic


You had 3 spell levels left.
You knew the following spells:

 Your Spells              Type           Power      Damage    Failure   Level
a - Slow                  Hex            28%        N/A       19%         1
b - Frozen Ramparts       Ice            2%         1d1       83%         3

Your spell library contained the following spells:

 Spells                   Type           Power      Damage    Failure   Level
 Freeze                   Ice            4%         1d3       45%         1
 Confusing Touch          Hex            7%         N/A       50%         3
 Foxfire                  Conj/Fire      0%         2x1d4     54%         1
 Lesser Beckoning         Tloc           0%         N/A       67%         2
 Inner Flame              Hex/Fire       4%         N/A       71%         3
 Portal Projectile        Hex/Tloc       8%         N/A       71%         3
 Hailstorm                Conj/Ice       1%         3d3       86%         3
 Gell's Gravitas          Tloc           0%         N/A       88%         3
 Teleport Other           Tloc           0%         N/A       88%         3
 Vampiric Draining        Necr           0%         2d6       88%         3
 Cause Fear               Hex            3%         N/A       88%         4
 Fireball                 Conj/Fire      0%         3d3       100%        5
 Plasma Beam              Fire/Air       0%         2x1d11    100%        6
 Starburst                Conj/Fire      0%         6d3       100%        6


Dungeon Overview and Level Annotations

Branches:
Dungeon (7/15)
 Temple: D:4-7

Altars:
Elyvilon

Shops:
D:1 :   D:2 ?

Annotations:
D:3 1 runed translucent door, Crazy Yiuf
D:4 exclusion: sky beast


Innate Abilities, Weirdness & Mutations

((You are very nimble when in or above water. (Stealth+, EV+, Speed+++)))
Your lower body shifts to a powerful aquatic tail in water.


Message History

You puncture the adder!
You kill the adder!
There is a stone staircase leading down here.
Things that are here:
a +0 club; a +0 club You see here a +0 whip.
You see here a +0 spear.
Key pressed, stopping explore.
Crazy Yiuf shouts!
Could not explore, unopened runed door.
This spell is extremely dangerous to cast!
Memorise Frozen Ramparts, consuming 3 spell levels and leaving 2?
You start memorising the spell.
You continue memorising. x3
You finish memorising.
Spell assigned to 'b'.
Could not explore, unopened runed door.
(D) Dungeon
Where to? (Enter - D:3, ? - help)
You see here a +0 club.
You see here a +0 leather armour.
There is a stone staircase leading down here.
You climb downwards.
Found 17 gold pieces.
There is a stone staircase leading up here.
You now have 142 gold pieces (gained 17).
Found 6 stones.
A worm comes into view.
Found an encrusted bronze ring.
Found a stone staircase leading down.
You reach to attack!
You hit the worm.
The worm is moderately wounded.
You hit the worm.
The worm is moderately wounded.
The worm bites you!
You hit the worm.
The worm is moderately wounded.
The worm bites you but does no damage.
You hit the worm but do no damage.
The worm is moderately wounded.
You puncture the worm!
The worm is almost dead.
The worm bites you!
You puncture the worm!
You kill the worm!
You start resting.
HP restored.
Unknown command.
You start waiting.
A goblin comes into view. It is wielding a +0 club.
A goblin is nearby!
The goblin shouts!
You hit the goblin.
The goblin is heavily wounded.
The goblin hits you with a +0 club.
You hit the goblin.
You kill the goblin!
I - a scroll of identify
Things that are here:
a +0 club; 4 stones; a goblin corpse
Found a scroll of identify.
C - a ring of protection from cold
I - 2 scrolls of identify (gained 1);
i - 2 scrolls of identify
As you read the scroll of identify, it crumbles to dust.
l - 3 scrolls of butterflies
As you read the scroll of identify, it crumbles to dust.
g - a potion of brilliance
Found a stone staircase leading up.
A sky beast comes into view.
A sky beast is nearby!
Press: ? - help, . - travel You can't see that place. [the floor.] Placed new exclusion.
There is a stone staircase leading up here.
You see here a worm corpse.
An adder comes into view.
The adder hisses angrily.
You miss the adder. The adder barely misses you.
The adder bites you but does no damage.
You closely miss the adder. The adder bites you but does no damage.
The adder barely misses you.
You barely miss the adder. The adder bites you but does no damage.
You hit the adder.
The adder is heavily wounded.
The adder closely misses you. The adder barely misses you.
You puncture the adder!
You kill the adder!
You see here an adder corpse.
Found a leather armour.
You see here a +0 leather armour.
A ball python comes into view.
The ball python hisses angrily.
A ball python is nearby!
You hit the ball python.
The ball python is moderately wounded.
The ball python closely misses you. The ball python grabs you.
The ball python constricts you.
You barely miss the ball python. The ball python barely misses you.
The ball python constricts you. The ball python bites you.
The ball python constricts you.
An iguana comes into view.
You barely miss the ball python.
The iguana hisses angrily.
The ball python barely misses you. The ball python constricts you.
The ball python barely misses you. The ball python constricts you.
You hit the ball python.
You kill the ball python!
You see here a ball python corpse.
Casting: Slow (safe; 19% risk of failure)
Confirm with . or Enter, or press ? or * to list all spells.
Okay, then.
The iguana bites you!
You hit the iguana.
The iguana is lightly wounded.
The iguana misses you. The iguana barely misses you.
You closely miss the iguana.
The iguana is lightly wounded.
The iguana bites you.
You puncture the iguana!
The iguana is almost dead.
The iguana bites you but does no damage.
You hit the iguana but do no damage.
The iguana is almost dead.
The iguana closely misses you. The iguana barely misses you.
You puncture the iguana!
You kill the iguana!
Your Polearms skill increases to level 4!
You have reached level 6!
You start resting.
HP restored.
You see here a ball python corpse.
Found a robe.
A ball python comes into view.
You see here a scroll labelled OGIZISYRHE.
A ball python is nearby!
The ball python hisses angrily.
You reach to attack!
You puncture the ball python!
You kill the ball python!
i - a scroll labelled OGIZISYRHE
Found a stone staircase leading down.
Found a stone staircase leading up.
A sourceless malevolence fills the Dungeon...
You fall into a shaft and drop 3 floors!
The shaft crumbles and collapses.
Found a viscous silvery potion and a leather armour.
Found a stone staircase leading down.
An orc comes into view. It is wielding a +0 falchion.
The orc moves out of view.
An orc comes into view. It is wielding a +0 whip.
The orc shouts!
You hear a shout!
You hear an angry buzzing noise.
An orc wizard comes into view. It is wielding a +0 dagger of venom.
You see here a viscous silvery potion.
n - a viscous silvery potion The orc wizard casts a spell at you.
You are confused.
An orc comes into view.
It is wielding a +2 falchion of holy wrath.
You hear a shout!
You are too confused!
It was a potion of attraction.
You feel attractive to monsters. The orc is attracted toward you.
The orc wizard is attracted toward you. The orc is attracted toward you.
You miss the orc. The orc closely misses you.
The orc is attracted toward you. x2
An orc comes into view. It is wielding a +0 whip.
The orc shouts!
You hear an angry buzzing noise. x2; You hear a shout!
You hear an angry buzzing noise.
You hear a shout!
You hear an angry buzzing noise.
A killer bee comes into view. x3
The orc hits you but does no damage.
The orc hits you with a +2 falchion of holy wrath.
The orc wizard hits you with a +0 dagger of venom.
You are poisoned.
An orc comes into view. It is wielding a +0 mace.
The orc is attracted toward you.
The killer bee is attracted toward you. x4
A killer bee comes into view.
You hit the orc wizard but do no damage.
You feel very sick. The orc hits you with a +0 whip.
The orc wizard hits you but does no damage.
The orc is attracted toward you.
Unknown command.
You closely miss the orc wizard.
You feel less confused.
You feel sick.
The orc shouts!
The killer bee stings you but does no damage.
The killer bee stings you!
You are more poisoned.
The killer bee poisons you! The orc hits you with a +0 whip.
The orc wizard closely misses you. The orc closely misses you.
The orc hits you with a +0 mace! The killer bee stings you.
* * * LOW HITPOINT WARNING * * *
The orc misses you. The orc completely misses you. The orc wizard misses you.
The orc hits you with a +0 mace!
* * * LOW HITPOINT WARNING * * *
You hit the killer bee.
The killer bee is moderately wounded.
* * * LOW HITPOINT WARNING * * *
You feel very sick. The killer bee misses you. The killer bee stings you!
You die...

#### ##### ...#####...
..###.[...#.### #
............#.#
#.........#.#####
##.###o....#..>.......
#.....o@o.............
.....##yo####.........
#... #oy# ##########
## #yy# #o.# #..# #..#
#...


You could see 4 killer bees, an orc wizard and 5 orcs.

Vanquished Creatures
  Jessica (D:2)
  An iguana (D:4)
  8 gnolls
  4 adders
  A worm (D:4)
  4 dart slugs
  2 orcs (D:3)
  5 endoplasms
  3 giant cockroaches
  5 goblins
  4 hobgoblins
  3 kobolds
  2 quokkas (D:3)
  7 ball pythons
  5 bats
  3 frilled lizards
  8 rats
66 creatures vanquished.

Vanquished Creatures (others)
  7 plants (D:2)
7 creatures vanquished.

Grand Total: 73 creatures vanquished

Notes
Turn   | Place    | Note
-------+----------+-------------------------------------------
     0 | D:1      | GloriousHammer the Merfolk Hexslinger began the quest for
                  | the Orb.
     0 | D:1      | Reached XP level 1. HP: 15/15 MP: 2/2
   196 | D:1      | Found Kofax's Book Emporium.
   299 | D:1      | Reached XP level 2. HP: 22/22 MP: 3/3
   345 | D:1      | Found a faded altar of an unknown god.
  1204 | D:2      | Reached XP level 3. HP: 27/27 MP: 4/4
  1385 | D:2      | Found Gyitzez's Magic Scroll Shoppe.
  1393 | D:2      | Bought a scroll of identify for 26 gold pieces
  1393 | D:2      | Bought a scroll of identify for 26 gold pieces
  1529 | D:2      | Found a white marble altar of Elyvilon.
  1633 | D:2      | Noticed Jessica
  1647 | D:2      | Reached skill level 1 in Polearms
  1648 | D:2      | Killed Jessica
  1649 | D:2      | Reached XP level 4. HP: 34/34 MP: 5/5
  2427 | D:3      | Reached XP level 5. HP: 41/41 MP: 6/6
  2649 | D:3      | Found a runed translucent door.
  2650 | D:3      | Noticed Crazy Yiuf
  2891 | D:3      | Reached skill level 1 in Stealth
  3381 | D:3      | Learned a level 3 spell: Frozen Ramparts
  3617 | D:4      | Noticed a sky beast
  3689 | D:4      | Reached XP level 6. HP: 36/47 MP: 7/7
  3760 | D:4      | You fall into a shaft and drop 3 floors!
  3775 | D:7      | Slain by a killer bee

Illustrated notes

Levels and vault maps discovered:
D:1:      erik_arrival_blinker_ship, layout_basic,
          ebering_ecumenical_altar_mist, serial_shops, shop, minmay_door_square,
          minivault_4, grunt_decor_junction, palyth_stone_intersect,
          st_stairs_5, minmay_misc_feat_tower
D:2:      layout_basic, serial_shops, shop, basic_altar, nicolae_grassy_gnolls,
          uniq_jessica
D:3:      layout_loops_ring, uniq_crazy_yiuf_cottage
D:4:      layout_loops_ring, general_overflow_altar,
          mainiacjoe_overflow_boulevard, mainiacjoe_overflow_alcove_1,
          minmay_rat_hole
D:7:      layout_loops_ring, uniq_maggie

Skill      XL: |  1  2  3  4  5 |
---------------+----------------+-----
Dodging        | 3 4 |  4.6
Fighting       | 2 3 |  3.2
Polearms       | 2 3 4 |  4.0
Stealth        | 1 |  1.4
Ranged Weapons | |  1.5
Throwing       | |  0.7
Armour         | |  0.6
Spellcasting   | |  1.0
Hexes          | |  3.0
Ice Magic      | |  0.5

Action                     |  1- 3 |  4- 6 || total
---------------------------+-------+-------++-------
  Melee: Dagger            |    14 |    17 ||    31
         Spear             |       |   119 ||   119
   Fire: Sling             |    78 |     3 ||    81
  Throw: Dart              |       |     3 ||     3
   Cast: Slow              |       |     1 ||     1
    Use: Scroll            |     3 |     2 ||     5
         Potion            |     1 |     3 ||     4
 Armour: Robe              |     3 |       ||     3
         Leather armour    |    12 |     3 ||    15
         Skin              |       |     9 ||     9
         Ring mail         |       |    36 ||    36
  Dodge: Dodged            |    37 |    62 ||    99
